 Dungeon Crawl Stone Soup version 0.24.0-1-gfbc8707122 (webtiles) character file.

Game seed: 18393729756568827374, levelgen mode: deterministic

7539 theanonym the Cleaver (level 10, -5/73 HPs)
             Began as a Demonspawn Gladiator on Oct 26, 2019.
             Was a Believer of Makhleb.
             Slain by a chaos spawn (6 damage)
             ... on level 10 of the Dungeon.
             The game lasted 00:17:25 (12718 turns).

theanonym the Cleaver (Demonspawn Gladiator)       Turns: 12718, Time: 00:17:26

Health: -5/73      AC: 14    Str: 19    XL:     10   Next: 96%
Magic:  0/19       EV: 12    Int: 10    God:    Makhleb [**....]
Gold:   291        SH:  0    Dex: 16    Spells: 9/9 levels left

rFire    . . .     SeeInvis +   a - +0 battleaxe (elec)
rCold    + . .     Gourm    .   (shield currently unavailable)
rNeg     . . .     Faith    .   D - +0 plate armour
rPois    .         Spirit   +   (helmet restricted)
rElec    +         Reflect  .   (no cloak)
rCorr    .         Harm     .   (no gloves)
MR       .....                  (no boots)
Stlth    ..........             v - amulet of guardian spirit
HPRegen  0.22/turn              i - ring of magical power
MPRegen  0.16/turn              C - ring "Tahaulaj" {rElec rC+ Str+3 Dex-5 SInv}

@: agile, about to teleport, berserk cooldown, slowed, very slow
A: antennae 1, molten scales 2, powered by pain 1
a: Minor Destruction, Renounce Religion


Innate Abilities, Weirdness & Mutations

You have a pair of small antennae on your head.
You are mostly covered in molten scales. (AC +3)
You sometimes gain a little power by taking damage.


   Skills:
 + Level 4.8 Fighting
 * Level 14.0 Axes
 - Level 1.7 Throwing
 + Level 3.8 Armour
 - Level 2.6 Dodging


You had 9 spell levels left.
You didn't know any spells.
Your spell library contained the following spells:

 Spells                   Type           Power        Failure   Level  Hunger
 Confusing Touch          Hex            #.....       100%        1    ##.....
 Shock                    Conj/Air       #...         100%        1    ##.....
 Swiftness                Chrm/Air       #.......     100%        2    ###....
 Static Discharge         Conj/Air       #.......     100%        3    ####...
 Airstrike                Air            #.........   100%        4    #####..
 Lightning Bolt           Conj/Air       #.........   100%        5    ######.

Skill      XL: |  1  2  3  4  5  6  7  8  9 10 |
---------------+-------------------------------+-----
Axes           | 3 4 5 6 7 9 11 13 14 | 14.0
Armour         | 3 |  3.8
Fighting       | 4 |  4.8
Throwing       | |  1.7
Dodging        | |  2.6

Action                   |  1- 3 |  4- 6 |  7- 9 | 10-12 || total
-------------------------+-------+-------+-------+-------++-------
Melee: War axe           |   113 |   177 |   113 |       ||   403
       Battleaxe         |       |       |   252 |   386 ||   638
Evoke: Wand              |       |       |     4 |     5 ||     9
  Use: Potion            |       |     2 |     6 |     2 ||    10
       Scroll            |       |     5 |     5 |     7 ||    17
 Stab: Sleeping          |     1 |     1 |       |       ||     2
       Confused          |       |       |     1 |       ||     1
       Distracted        |       |       |       |     1 ||     1
  Eat: Chunk             |     1 |     6 |    11 |     6 ||    24
       Ration            |       |       |     3 |     3 ||     6
Armor: Leather armour    |    21 |       |       |       ||    21
       Ring mail         |    25 |    45 |    31 |       ||   101
       Chain mail        |       |       |   166 |    81 ||   247
       Plate armour      |       |       |       |   148 ||   148
Dodge: Dodged            |    84 |   113 |   159 |   154 ||   510

Inventory:

Hand Weapons
 a - a +0 battleaxe of electrocution (weapon)
Missiles
 d - 7 throwing nets (quivered)
Armour
 D - a +0 plate armour (worn)
Jewellery
 i - a ring of magical power (left hand)
 s - an uncursed ring of fire
 u - a +2 ring of dexterity
 v - an amulet of guardian spirit (around neck)
 C - the ring "Tahaulaj" (right hand) {rElec rC+ Str+3 Dex-5 SInv}

   [ring of strength]

   It affects your strength (+3).
   It affects your dexterity (-5).
   It protects you from cold.
   It insulates you from electricity.
   It lets you see invisible.
Wands
 k - a wand of flame (21)
 y - a wand of iceblast (11)
Scrolls
 f - 2 scrolls of fog
 g - 4 scrolls of enchant armour
 n - 4 scrolls of remove curse
 p - a scroll of noise {unknown}
 r - 2 scrolls of identify
 t - 2 scrolls of teleportation
 x - a scroll of immolation {unknown}
 A - 2 scrolls of enchant weapon
 B - 2 scrolls of blinking
 F - a scroll of fear {unknown}
Potions
 b - 2 potions of mutation {unknown}
 h - a potion of lignification
 l - 3 potions of brilliance
 m - 2 potions of berserk rage
 o - 3 potions of flight
 q - 3 potions of heal wounds
 w - a potion of curing
 z - 2 potions of resistance
 E - a potion of degeneration {unknown}
Comestibles
 c - 11 chunks of flesh
 e - 12 rations


You were on level 10 of the Dungeon.
You worshipped Makhleb.
Makhleb was pleased with you.
You were hungry.

You visited 3 branches of the dungeon, and saw 12 of its levels.
You also visited: Sewer.

You collected 716 gold pieces.
You spent 425 gold pieces at shops.

Dungeon Overview and Level Annotations

Branches:
Dungeon (10/15)            Temple (1/1) D:6            Lair (1/6) D:8
    Orc (0/2) D:10          Sewer (visited)

Altars:
Ashenzari
Cheibriados
Dithmenos
Elyvilon
Fedhas
Gozag
Hepliaklqana
Kikubaaqudgha
Makhleb
Nemelex Xobeh
Okawaru
Qazlal
Ru
Sif Muna
Trog
Uskayaw
Vehumet
Wu Jian
Xom
Yredelemnul
Zin
The Shining One
Beogh

Shops:
D:5 (}   D:7 (

Portals:
Trove: D:10 (give +5 demon trident)

Annotations:
Lair:1 Gastronok

.# #.# .#
#.############
.#
#............#
.#
##.#########.#
.# #.## #.#
.#####..####
#.#
...}.......#
#.#
8#####8'8###
#(#
...8......#
#@####
..........#
#/4..#
⌠.._..⌠...#
#.##..#
..........#
#.. .(...
...>......#
#.. ⌠...#..
###########
....≈≈#.## #
....≈≈..... #
#...8.8..≈8# #
#.. ._.) .#


You could see a chaos spawn.

Notes
Turn   | Place    | Note
-------+----------+-------------------------------------------
     0 | D:1      | theanonym the Demonspawn Gladiator began the quest for the
                  | Orb.
     0 | D:1      | Reached XP level 1. HP: 16/16 MP: 1/1
    99 | D:1      | Reached skill level 3 in Axes
   144 | D:1      | Gained mutation: You sometimes gain a little power by
                  | taking damage. [demonic ancestry]
   144 | D:1      | Reached XP level 2. HP: 22/22 MP: 2/2
   310 | D:1      | Reached XP level 3. HP: 17/27 MP: 3/3
   314 | D:1      | HP: 12/27 [dart slug/slug dart (5)]
   502 | D:1      | Reached skill level 4 in Axes
  1126 | D:2      | Noticed Robin
  1262 | D:3      | Killed Robin
  1262 | D:3      | Reached XP level 4. HP: 30/33 MP: 4/4
  1705 | D:3      | Noticed a sky beast
  1721 | D:3      | HP: 16/33 [sky beast (3)]
  1729 | D:3      | HP: 9/33 [sky beast (2)]
  1729 | D:3      | HP: 4/33 [sky beast (5)]
  1764 | D:2      | HP: 15/33 [something (6)]
  1775 | D:2      | HP: 13/33 [sky beast (3)]
  1791 | D:2      | Killed a sky beast
  1791 | D:2      | Reached skill level 5 in Axes
  1791 | D:2      | Gained mutation: You have a pair of small antennae on your
                  | head. [demonic ancestry]
  1791 | D:2      | Reached XP level 5. HP: 30/38 MP: 5/5
  1903 | D:3      | Found an opulent altar of Gozag.
  2225 | D:3      | Noticed a phantom
  2226 | D:3      | Reached skill level 6 in Axes
  2265 | D:3      | HP: 19/38 [phantom (8)]
  2270 | D:3      | HP: 12/38 [phantom (4)]
  2280 | D:3      | HP: 5/38 [phantom (4)]
  2290 | D:3      | Killed a phantom
  2290 | D:3      | Reached XP level 6. HP: 8/44 MP: 6/6
  2578 | D:3      | Found a sacrificial altar of Ru.
  3200 | D:4      | Noticed Eustachio
  3201 | D:4      | Noticed Natasha
  3208 | D:4      | Killed Natasha
  3229 | D:3      | HP: 21/44 [river rat[Eustachio] (5)]
  3234 | D:3      | HP: 14/44 [Eustachio/+0 falchion (1)]
  3235 | D:3      | Killed Eustachio
  3235 | D:3      | Reached skill level 7 in Axes
  3235 | D:3      | Gained mutation: You are partially covered in molten
                  | scales. (AC +2) [demonic ancestry]
  3235 | D:3      | Reached XP level 7. HP: 16/50 MP: 7/7
  3490 | D:4      | HP: 24/50 [ogre/+0 giant club (26)]
  3491 | D:4      | HP: 5/50 [ogre/+0 giant club (19)]
  3762 | D:4      | Noticed Pikel
  3851 | D:3      | HP: 25/50 [Pikel/+2 whip of freezing (1)]
  3858 | D:3      | HP: 19/50 [Pikel/+2 whip of freezing (2)]
  3865 | D:3      | Killed Pikel
  3865 | D:3      | Reached skill level 9 in Axes
  3865 | D:3      | Reached XP level 8. HP: 19/56 MP: 8/8
  4104 | D:4      | Noticed Natasha
  4131 | D:3      | Killed Natasha
  4382 | D:3      | Noticed Natasha
  4387 | D:3      | Killed Natasha
  4652 | D:3      | Found an opulent altar of Gozag.
  4814 | D:3      | Found a sacrificial altar of Ru.
  5004 | D:4      | Found a sparkling altar of Nemelex Xobeh.
  5068 | D:4      | Found a white marble altar of Elyvilon.
  5322 | D:5      | Entered Level 5 of the Dungeon
  5476 | D:5      | Found Gigiguz's Antique Weapon Shop.
  5591 | D:5      | HP: 27/56 [poisoned by a scorpion]
  5596 | D:5      | HP: 19/56 [poisoned by a scorpion]
  5601 | D:5      | HP: 13/56 [poisoned by a scorpion]
  5606 | D:5      | HP: 9/56 [poisoned by a scorpion]
  5612 | D:5      | HP: 6/56 [poisoned by a scorpion]
  5619 | D:5      | HP: 4/56 [poisoned by a scorpion]
  5626 | D:5      | HP: 4/56 [poisoned by a scorpion]
  5634 | D:5      | HP: 3/56 [poisoned by a scorpion]
  5968 | D:5      | Bought a battleaxe for 188 gold pieces
  6079 | D:5      | Reached skill level 10 in Axes
  6090 | D:5      | Found a shimmering blue altar of Sif Muna.
  6091 | D:5      | Found an ancient bone altar of Kikubaaqudgha.
  6099 | D:5      | Found a radiant altar of Vehumet.
  6103 | D:5      | Identified Sif Muna's Tome of Execration
  6131 | D:5      | Found Obisiru's Gadget Emporium.
  6329 | D:5      | Found a bloodstained altar of Trog.
  6541 | D:6      | Found a glowing drain.
  6557 | Sewer    | Entered a sewer
  7159 | D:6      | Found a shimmering altar of Xom.
  7455 | D:6      | Found a staircase to the Ecumenical Temple.
  7463 | Temple   | Entered the Ecumenical Temple
  7555 | Temple   | Became a worshipper of Makhleb the Destroyer
  7634 | D:6      | Reached skill level 11 in Axes
  7635 | D:6      | Found a glowing silver altar of Zin.
  7676 | D:6      | Gained mutation: You are mostly covered in molten scales.
                  | (AC +3) [demonic ancestry]
  7676 | D:6      | Reached XP level 9. HP: 61/61 MP: 9/9
  7762 | D:6      | Noticed Blork the orc
  7767 | D:6      | Killed Blork the orc
  7896 | D:7      | HP: 28/61 [bullfrog (4)]
  7902 | D:7      | HP: 23/61 [bullfrog (4)]
  7909 | D:7      | Noticed Joseph
  7920 | D:7      | Noticed Duvessa
  8126 | D:7      | Noticed Dowan
  8128 | D:7      | Killed Duvessa
  8132 | D:7      | Killed Dowan
  8261 | D:7      | Got a glittering platinum ring
  8364 | D:7      | HP: 26/61 [Joseph/+0 quarterstaff (8)]
  8379 | D:7      | HP: 26/61 [Joseph/+0 quarterstaff (8)]
  8384 | D:7      | Killed Joseph
  8384 | D:7      | Reached skill level 12 in Axes
  8588 | D:7      | Identified the ring "Tahaulaj" {rElec rC+ Str+3 Dex-5 SInv}
                  | (You found it on level 7 of the Dungeon)
  8598 | D:7      | Found Dujath's Antique Weapon Shoppe.
  8618 | D:7      | Noticed Harold
  8627 | D:7      | HP: 20/61 [Harold/+0 long sword (12)]
  8634 | D:7      | Killed Harold
  8634 | D:7      | Reached skill level 13 in Axes
  8892 | D:7      | Found a shattered altar of Ashenzari.
  8995 | D:7      | Reached XP level 10. HP: 67/67 MP: 10/10
  9044 | D:8      | Found a staircase to the Lair.
  9125 | D:8      | Reached * piety under Makhleb
  9232 | D:8      | HP: 33/67 [poisoned by a killer bee]
  9233 | D:8      | Reached skill level 1 in Armour
  9237 | D:8      | HP: 28/68 [poisoned by a killer bee]
  9242 | D:8      | HP: 25/68 [poisoned by a killer bee]
  9248 | D:8      | HP: 24/68 [poisoned by a killer bee]
  9254 | D:8      | HP: 23/68 [poisoned by a killer bee]
  9262 | D:8      | HP: 23/68 [poisoned by a killer bee]
  9660 | D:7      | Bought a glowing battleaxe for 237 gold pieces
  9747 | D:8      | Noticed Prince Ribbit
  9755 | D:8      | Killed Prince Ribbit
 10012 | D:8      | Found a shattered altar of Ashenzari.
 10029 | D:8      | Found a glowing golden altar of the Shining One.
 10029 | D:8      | Found an iron altar of Okawaru.
 10080 | D:8      | Reached skill level 3 in Fighting
 10098 | D:8      | HP: 34/70 [killer bee (2)]
 10104 | D:8      | HP: 30/70 [poisoned by a killer bee]
 10109 | D:8      | HP: 29/70 [poisoned by a killer bee]
 10116 | D:8      | HP: 29/70 [poisoned by a killer bee]
 10124 | D:8      | HP: 29/70 [poisoned by a killer bee]
 10298 | Lair:1   | Entered Level 1 of the Lair of Beasts
 10298 | Lair:1   | Noticed Gastronok
 10308 | Lair:1   | HP: 33/70 [Gastronok/the air (21)]
 10313 | D:8      | Reached skill level 2 in Armour
 10823 | D:9      | Reached ** piety under Makhleb
 11100 | D:9      | HP: 34/71 [killer bee (5)]
 11105 | D:9      | HP: 22/71 [poisoned by a killer bee]
 11106 | D:9      | Reached skill level 3 in Armour
 11110 | D:9      | HP: 17/71 [poisoned by a killer bee]
 11115 | D:9      | HP: 14/71 [poisoned by a killer bee]
 11121 | D:9      | HP: 12/71 [poisoned by a killer bee]
 11127 | D:9      | HP: 11/71 [poisoned by a killer bee]
 11135 | D:9      | HP: 11/71 [poisoned by a killer bee]
 11442 | D:9      | Reached skill level 4 in Fighting
 11795 | D:10     | Entered Level 10 of the Dungeon
 12055 | D:10     | Found a roughly hewn altar of Beogh.
 12055 | D:10     | Found a staircase to the Orcish Mines.
 12067 | D:10     | HP: 34/73 [orc priest/divine providence (9)]
 12068 | D:10     | HP: 8/73 [orc warrior/+0 halberd (11)]
 12403 | D:10     | Identified the cursed +1 mace of Tegurph {holy, *Noise +Inv
                  | rElec rC+}
 12577 | D:10     | Found a portal to a secret trove of treasure.
 12684 | D:10     | Found a shimmering altar of Xom.
 12685 | D:10     | Found the +7 mace of Variability {chain chaos}
 12695 | D:10     | HP: 32/73 [chaos spawn (8)]
 12700 | D:10     | HP: 25/109 [chaos spawn (6)]
 12701 | D:10     | Reached skill level 14 in Axes
 12710 | D:10     | HP: 30/109 [chaos spawn (2)]
 12716 | D:10     | HP: 11/73 [chaos spawn (7)]
 12718 | D:10     | HP: 1/73 [chaos spawn (6)]
 12718 | D:10     | Slain by a chaos spawn

Vanquished Creatures
  Harold (D:7)
  Pikel (D:3)
  Joseph (D:7)
  Prince Ribbit (D:8)
  Eustachio (D:3)
  3 chaos spawn (D:10)
  2 hungry ghosts
  A water moccasin (D:8)
  Duvessa (D:7)
  6 orc warriors
  3 sky beasts
  A slave (D:3)
  2 ice beasts
  2 phantoms
  4 ogres
  3 centaurs
  A big kobold (D:8)
  Blork the orc (D:6)
  7 bullfrogs
  Dowan (D:7)
  5 scorpions
  13 killer bees
  3 howler monkeys
  4 wights (D:7)
  3 crimson imps
  A bullfrog zombie (D:5)
  3 hounds
  A jelly (D:5)
  2 bullfrog skeletons
  3 orc priests
  12 orc wizards
  Natasha (thrice) (D:4 D:3)
  An iguana (D:5)
  8 worker ants
  A worker ant zombie (D:6)
  Robin (D:3)
  3 gnolls (D:8)
  8 adders
  A shadow imp (D:7)
  2 oozes (D:1)
  An adder skeleton (D:4)
  An adder zombie (D:9)
  2 worms
  4 dart slugs (D:1)
  5 leopard geckos
  45 orcs
  3 ball pythons
  13 giant cockroaches
  15 hobgoblins
  11 jackals
  4 quokkas
  6 bats
  10 frilled lizards
  19 goblins
  A jackal zombie (D:6)
  10 kobolds
  2 quokka skeletons
  A quokka zombie (D:6)
  13 rats
  A plant (D:6)
288 creatures vanquished.

Vanquished Creatures (others)
  2 ogres (D:4)
  A howler monkey (D:7)
  An orc (D:4)
4 creatures vanquished.

Grand Total: 292 creatures vanquished

Table legend:
 A = Turns spent in this place as a percentage of turns spent in the entire game.
 B = Non-inter-level travel turns spent in this place as a percentage of non-inter-level travel turns spent in the entire game.
 C = Inter-level travel turns spent in this place as a percentage of turns spent in this place.
 D = Turns resting spent in this place as a percentage of non-inter-level travel turns spent in this place.
 E = Turns spent auto-exploring this place as a percentage of non-inter-level travel turns spent in this place.
 F = Non-inter-level travel turns spent in this place divided by the number of levels of this place that you've seen.
                   A       B       C       D       E      F
               +-------+-------+-------+-------+-------+----------------------
         Total | 100.0 | 100.0 |   7.9 |  28.7 |  53.8 | 901.2
       Dungeon |  95.4 |  95.5 |   7.9 |  30.1 |  52.7 | 1118.6
        Temple |   0.9 |   0.5 |  45.5 |   0.0 |  95.0 |  60.0
          Lair |   0.1 |   0.1 |   0.0 |   0.0 |   0.0 |  12.0
         Sewer |   3.6 |   3.9 |   0.0 |   0.0 |  77.2 | 457.0
               +-------+-------+-------+-------+-------+----------------------
